 Dungeon Crawl Stone Soup version 0.25.0-9-g26727b657a (webtiles) character file.

Game seed: 15682220926504953250

3210 kitty14015 the Skirmisher (level 9, -1/81 HPs)
             Began as a Ghoul Monk on June 18, 2020.
             Killed from afar by Maggie (9 damage)
             ... with a bolt of fire
             ... on level 6 of the Dungeon.
             The game lasted 00:25:29 (7221 turns).

kitty14015 the Skirmisher (Ghoul Monk)              Turns: 7221, Time: 00:25:30

Health: -1/81      AC:  5    Str: 15 (16) XL:     9   Next: 97%
Magic:  13/13      EV: 13    Int:  1 (5)  God:
Gold:   247        SH:  0    Dex: 11 (13) Spells: 15/15 levels left

rFire    + . .     SeeInvis .   o - +1 dagger (drain)
rCold    . . .     Gourm    .   (no shield)
rNeg     + + +     Faith    .   s - +0 ring mail
rPois    ∞         Spirit   .   (no helmet)
rElec    .         Reflect  .   (no cloak)
rCorr    .         Harm     .   (no gloves)
MR       .....                  (no boots)
Stlth    +.........             l - amulet of the acrobat
HPRegen  0.00/turn              f - ring of fire
MPRegen  0.13/turn              n - ring of stealth

@: confused, brilliant, rotting
A: rotting body, claws 1, carnivore, cold resistance 1, negative energy
resistance 3, inhibited regeneration, torment resistance, unbreathing
a: no special abilities


You were on level 6 of the Dungeon.
You were not hungry.

You visited 1 branch of the dungeon, and saw 6 of its levels.

You collected 247 gold pieces.

Inventory:

Hand Weapons
 o - a +1 dagger of draining (weapon)
 u - a +0 hand crossbow
Missiles
 d - 25 bolts
Armour
 j - a +0 chain mail of cold resistance
 s - a +0 ring mail (worn)
Jewellery
 f - a ring of fire (left claw)
 l - an amulet of the acrobat (around neck)
 n - a ring of stealth (right claw)
 y - a cursed amulet of inaccuracy {unknown}
 z - a -4 ring of intelligence
 B - an uncursed ring of wizardry {unknown}
Wands
 C - a wand of paralysis (3)
Scrolls
 a - 2 scrolls of teleportation
 c - 2 scrolls of remove curse
 h - a scroll of enchant armour {unknown}
 i - a scroll of enchant weapon {unknown}
 r - a scroll of noise
 w - a scroll of amnesia {unknown}
 x - a scroll of blinking {unknown}
 D - 3 scrolls of identify
 E - a scroll of random uselessness {unknown}
Potions
 e - 2 potions of lignification
 g - a potion of curing
 t - a potion of haste
 A - a potion of might {unknown}
Comestibles
 b - 13 rations
 k - 2 chunks of flesh


   Skills:
 + Level 7.9 Fighting
 + Level 6.9 Short Blades
   Level 0.2 Polearms
 + Level 6.0 Crossbows
 - Level 1.9 Armour
 + Level 7.1 Dodging
 + Level 3.4 Stealth
 + Level 6.4 Unarmed Combat
 + Level 3.8 Spellcasting


You had 15 spell levels left.
You didn't know any spells.
Your spell library was empty.

Dungeon Overview and Level Annotations

Branches:
Dungeon (6/15)
 Temple: D:4-7

Altars:
Fedhas
Hepliaklqana
The Shining One

Annotations:
D:6 Dowan, Duvessa, Maggie, Pikel


Innate Abilities, Weirdness & Mutations

Your body is rotting away.
You thrive on raw meat.
You are immune to poison.
You have sharp fingernails.
You are carnivorous and can eat meat at any time.
Your flesh is cold resistant. (rC+)
You are immune to negative energy. (rN+++)
You do not regenerate when monsters are visible.
You are immune to unholy pain and torment.
You can survive without breathing.


Message History

You feel clever all of a sudden. Duvessa hits you but does no damage.
Dowan barely misses you.
Duvessa hits you with a +1 vampiric short sword!
* * * LOW HITPOINT WARNING * * *
It was a potion of ambrosia.
You are confused.
You feel invigorated.
Dowan mumbles some strange words.
Dowan blinks!
Maggie hits you with a +2 morningstar of protection.
* * * LOW HITPOINT WARNING * * *
Duvessa closely misses you.
Okay, then.
You're too confused!
You hit Maggie but do no damage. You drain Maggie.
Maggie is almost dead.
Duvessa closely misses you. Maggie casts a spell at you.
The bolt of fire hits you! You resist.
You die...

.$...#...............#
.....#..[..####'#.####
.......e##......#.#####
.$......###...........#
........# #...).......#
....(...# #...........#
........# ##..........#
......§@# ##.........#
....$.e@# #.#.#.#####
######### #...#.#
##..#.### #......#
#......# #....(.#
#.....># #####......#
#..........#


You could see Maggie (drained), Duvessa (fast) and Dowan (fast).

Vanquished Creatures
  Sigmund (D:5)
  Eustachio (D:5)
  Edmund (D:5)
  An ice beast (D:5)
  A phantom (D:5)
  3 ogres
  A centaur (D:5)
  A big kobold (D:3)
  A bullfrog (D:6)
  A scorpion (D:5)
  A crimson imp (D:5)
  A centaur zombie (D:4)
  A jelly (D:5)
  3 orc priests
  6 orc wizards
  3 iguanas (D:5)
  Ijyb (D:4)
  A worker ant (D:5)
  A howler monkey zombie (D:5)
  6 gnolls
  10 adders
  A shadow imp (D:4)
  2 oozes
  An adder zombie (D:5)
  3 leopard geckos
  10 orcs
  2 giant cockroaches
  9 goblins
  5 hobgoblins
  6 jackals (D:3)
  15 kobolds
  A quokka (D:5)
  4 ball pythons
  7 bats
  6 frilled lizards
  A jackal skeleton (D:6)
  A quokka skeleton (D:5)
  12 rats
132 creatures vanquished.

Notes
Turn   | Place    | Note
-------+----------+-------------------------------------------
     0 | D:1      | kitty14015 the Ghoul Monk began the quest for the Orb.
     0 | D:1      | Reached XP level 1. HP: 19/19 MP: 0/0
   381 | D:1      | Reached XP level 2. HP: 25/26 MP: 1/1
  1236 | D:2      | Found a hazy altar of Hepliaklqana.
  1255 | D:2      | Reached XP level 3. HP: 31/31 MP: 2/2
  1430 | D:2      | Reached skill level 1 in Armour
  1578 | D:2      | Reached XP level 4. HP: 39/39 MP: 3/3
  1784 | D:2      | Reached skill level 1 in Short Blades
  2024 | D:3      | Found a blossoming altar of Fedhas.
  2155 | D:3      | Reached XP level 5. HP: 41/45 MP: 4/4
  2634 | D:3      | Noticed a big kobold
  2679 | D:3      | Killed a big kobold
  2679 | D:3      | Reached XP level 6. HP: 27/51 MP: 5/5
  3027 | D:3      | Reached skill level 1 in Crossbows
  3462 | D:4      | Found a glowing golden altar of the Shining One.
  3463 | D:4      | Noticed Ijyb
  3481 | D:4      | Paralysed by Ijyb for 3 turns
  3486 | D:4      | Killed Ijyb
  3998 | D:4      | Reached XP level 7. HP: 57/58 MP: 6/6
  4163 | D:5      | Entered Level 5 of the Dungeon
  4385 | D:5      | Noticed Edmund
  4437 | D:5      | Killed Edmund
  4645 | D:5      | Noticed Sigmund
  5047 | D:5      | Reached XP level 8. HP: 56/66 MP: 7/7
  5061 | D:5      | Reached skill level 5 in Dodging
  5090 | D:5      | Reached skill level 5 in Fighting
  5260 | D:5      | Noticed Eustachio
  5275 | D:5      | Killed Eustachio
  6046 | D:5      | Reached skill level 5 in Crossbows
  6046 | D:5      | Reached XP level 9. HP: 16/80 MP: 7/13
  6704 | D:5      | Killed Sigmund
  7097 | D:6      | Noticed Duvessa
  7117 | D:6      | Noticed Dowan
  7120 | D:6      | Noticed Pikel
  7179 | D:6      | Noticed Maggie
  7221 | D:6      | Killed from afar by Maggie

Illustrated notes

Levels and vault maps discovered:
D:1:      dpeg_arrival_rooms_b, layout_basic, kennysheep_pointless_box
D:2:      layout_rooms, overflow_temple_1_default
D:3:      cheibrodos_thug_alley, layout_loops_ring, first_ration, fedhas_altar_2
D:4:      layout_cave_pools, nicolae_overflow_hidden_temple, hex_medium,
          saegor_snake_ambush, uniq_ijyb
D:5:      minmay_octagon_keep, layout_rooms, uniq_eustachio, uniq_edmund,
          uniq_sigmund
D:6:      layout_basic, minmay_holes, uniq_duvessa, uniq_pikel, uniq_maggie

Skill      XL: |  1  2  3  4  5  6  7  8  9 |
---------------+----------------------------+-----
Dodging        | 3 4 7 |  7.1
Armour         | 1 |  1.9
Short Blades   | 1 2 3 6 |  6.9
Crossbows      | 2 5 6 |  6.0
Stealth        | 3 |  3.4
Fighting       | 4 7 |  7.9
Unarmed Combat | 6 |  6.4
Spellcasting   | 3 |  3.8
Polearms       | |  0.2

Action                   |  1- 3 |  4- 6 |  7- 9 || total
-------------------------+-------+-------+-------++-------
Melee: Spear             |    29 |       |       ||    29
       Unarmed           |     1 |       |       ||     1
       Dagger            |   101 |   236 |   491 ||   828
       Punch             |       |     3 |     8 ||    11
 Fire: Hand crossbow     |       |    37 |    60 ||    97
Throw: Stone             |     3 |       |       ||     3
Evoke: Wand              |       |       |     1 ||     1
  Use: Scroll            |       |     3 |     3 ||     6
       Potion            |       |     1 |     9 ||    10
 Stab: Sleeping          |     4 |     3 |     3 ||    10
  Eat: Chunk             |     4 |     9 |     9 ||    22
Armor: Robe              |     7 |       |       ||     7
       Chain mail        |    53 |       |       ||    53
       Ring mail         |     5 |    79 |    92 ||   176
Dodge: Dodged            |    43 |   181 |   266 ||   490
